 Dungeon Crawl Stone Soup version 0.21-a0-277-geaec956 (webtiles) character file.

5937 Chiseanne the Grappler (level 10, -5/102 HPs)
             Began as a Troll Monk on Sept 20, 2017.
             Was a Priest of Wu Jian.
             Slain by a two-headed ogre
             ... wielding a +0 dire flail
              (22 damage)
             ... on level 9 of the Dungeon.
             The game lasted 00:21:24 (6870 turns).

Chiseanne the Grappler (Troll Monk)                 Turns: 6870, Time: 00:21:24

Health: -5/102     AC:  6    Str: 21    XL:     10   Next: 54%
Magic:  18/18      EV: 14    Int:  6    God:    Wu Jian [***...]
Gold:   456        SH:  0    Dex: 15    Spells: 9/9 levels left

rFire    . . .     SeeInvis .     - Unarmed
rCold    . . .     Gourm    +   (no shield)
rNeg     . . .     Faith    .   q - +0 robe
rPois    .         Spirit   .   (helmet restricted)
rElec    .         Reflect  .   r - +0 cloak
rCorr    .         Harm     .   (gloves unavailable)
MR       +....                  (boots unavailable)
Stlth    ++........             (no amulet)
HPRegen  0.67/turn              w - ring of protection from magic
MPRegen  0.16/turn              H - ring of magical power

@: no status effects
A: unfitting armour, claws 3, fast metabolism 3, gourmand, regeneration 1,
shaggy fur 1, tough skin 2
a: Renounce Religion


You were on level 9 of the Dungeon.
You worshipped Wu Jian.
Wu Jian was most pleased with you.
You were very full.

You visited 2 branches of the dungeon, and saw 10 of its levels.

You collected 456 gold pieces.

Inventory:

Hand Weapons
 a - a +4 quarterstaff of chaos
 g - a +0 giant spiked club
 u - the +4 Vampire's Tooth {vamp}
   (You found it on level 4 of the Dungeon)

   It inflicts no extra harm, but heals its wielder when it wounds a living foe.
 D - a +2 dire flail of protection
Missiles
 c - 72 sling bullets
 f - 110 arrows
 j - 29 poisoned needles
 k - 134 stones (quivered)
 t - 7 tomahawks
 C - 7 javelins of returning
Armour
 q - a +0 robe (worn)
 r - a +0 cloak (worn)
 s - a +2 large shield
Magical Staves
 F - an uncursed staff of summoning
Jewellery
 m - an uncursed ring of protection from magic
 w - a ring of protection from magic (left claw)
 B - an uncursed ring of wizardry
 H - a ring of magical power (right claw)
Wands
 x - a wand of random effects (28/48)
 y - a wand of acid (8/15)
 G - a wand of confusion (19/48)
 O - a wand of enslavement (7/24)
Scrolls
 d - a scroll of immolation
 n - 2 scrolls of magic mapping
 o - a scroll of remove curse
 I - a scroll of teleportation
 K - a scroll of blinking
Potions
 e - a potion of heal wounds
 h - a potion of brilliance
 l - a potion of might
 p - 2 potions of flight
 v - 3 potions of curing
 A - 2 potions of degeneration {unknown}
 E - a potion of ambrosia
 L - 2 potions of agility {unknown}
 M - a potion of lignification {unknown}
Books
 z - a book of Geomancy

   Spells                             Type                      Level
   a - Sandblast                      Earth                        1
   b - Passwall                       Transmutation/Earth          2
   c - Stone Arrow                    Conjuration/Earth            3
   d - Petrify                        Transmutation/Earth          4
   e - Lee's Rapid Deconstruction     Earth                        5
 J - a book of Minor Magic

   Spells                             Type                      Level
   a - Magic Dart                     Conjuration                  1
   b - Blink                          Translocation                2
   c - Call Imp                       Summoning                    2
   d - Slow                           Hexes                        2
   e - Conjure Flame                  Conjuration/Fire             3
   f - Mephitic Cloud                 Conjuration/Poison/Air       3
Comestibles
 b - 6 bread rations
 i - 6 meat rations
 N - 4 chunks of flesh


   Skills:
 * Level 7.5 Fighting
 * Level 6.5 Throwing
 * Level 7.2 Dodging
 - Level 1.0 Stealth
 * Level 8.8 Unarmed Combat


You had 9 spell levels left.
You didn't know any spells.

Dungeon Overview and Level Annotations

Branches:
Dungeon (9/15)             Temple (1/1) D:7            Lair (0/6) D:8
    Orc: D:9-12

Altars:
Cheibriados
Dithmenos
Elyvilon
Fedhas
Gozag
Qazlal
Ru
Sif Muna
Trog
Uskayaw
Vehumet
Wu Jian
Zin
The Shining One


Innate Abilities, Weirdness & Mutations

You are too large for most types of armour.
You have claws for hands.
Your metabolism is lightning-fast.
You like to eat raw meat.
Your natural rate of healing is unusually fast.
You are covered in fur. (AC +1)
You have very tough skin. (AC +2)


Message History

You have no room to wall jump.
You spin and attack the two-headed ogre.
You barely miss the two-headed ogre.
The two-headed ogre is moderately wounded.
The two-headed ogre hits you with a dire flail!!
The two-headed ogre hits you with an enchanted dire flail!
* * * LOW HITPOINT WARNING * * *
You spin and attack the two-headed ogre repeatedly.
You mangle the two-headed ogre!!
The two-headed ogre is heavily wounded.
You claw the two-headed ogre!
The two-headed ogre is almost dead.
The two-headed ogre barely misses you.
The two-headed ogre hits you with an enchanted dire flail!
* * * LOW HITPOINT WARNING * * *
You spin and attack the two-headed ogre.
You barely miss the two-headed ogre.
The two-headed ogre is almost dead.
The two-headed ogre hits you with a dire flail!!
You die...

...#.#.......#..........#
...#+#..................#
..........#..........###########.
.....................# #........
.......##............####.##..##.
.......................##[##..##
...######............#.##.###O.#
................O....#.##.#.#†##
...######.......@...##.##.##$))#
....#<###.#..........#.##.#..#.#
....#............#...#.##.##$.#.#
#+#.#####.#########..#.##.###. #.
.# #...............#.# ## .
############.####.#
........>....# ##############


You could see a two-headed ogre.

Vanquished Creatures
  2 two-headed ogres
  2 trolls (D:9)
  A hornet (D:7)
  The ghost of Gottschkopf the Ruffian, an amateur DrTm of Wu Jian (D:3)
  Edmund (D:6)
  Menkaure (D:4)
  2 orc warriors
  2 ice beasts
  2 sky beasts
  2 black bears
  2 phantoms
  A centaur (D:8)
  2 ogres
  5 bullfrogs
  2 gnoll sergeants
  A water moccasin skeleton (D:8)
  2 scorpions
  10 killer bees (D:9)
  5 wights (D:8)
  A howler monkey (D:5)
  2 vampire bats
  4 crimson imps
  A bullfrog zombie (D:5)
  5 hounds
  5 orc priests
  2 centaur skeletons (D:4)
  2 jellies
  6 orc wizards
  Crazy Yiuf (D:2)
  A bullfrog skeleton (D:7)
  An iguana (D:9)
  3 worker ants
  A killer bee zombie (D:4)
  A hound skeleton (D:5)
  A worker ant zombie (D:8)
  9 gnolls
  8 adders
  An adder zombie (D:5)
  3 worms
  A dart slug (D:2)
  5 leopard geckos
  33 orcs
  7 giant cockroaches
  5 goblins
  3 hobgoblins
  2 jackals (D:7)
  3 quokkas
  A ball python skeleton (D:4)
  11 bats
  5 frilled lizards
  A jackal zombie (D:6)
  6 kobolds
  A quokka skeleton (D:4)
  A quokka zombie (D:4)
  7 rats
196 creatures vanquished.

Notes
Turn   | Place    | Note
-------+----------+-------------------------------------------
     0 | D:1      | Chiseanne the Troll Monk began the quest for the Orb.
     0 | D:1      | Reached XP level 1. HP: 22/22 MP: 0/0
   152 | D:1      | Reached XP level 2. HP: 23/29 MP: 1/1
   509 | D:2      | Reached XP level 3. HP: 36/36 MP: 2/2
   715 | D:2      | Found a white marble altar of Elyvilon.
   774 | D:2      | Found a shadowy altar of Dithmenos.
   872 | D:2      | Found a runed door.
   876 | D:2      | Noticed Crazy Yiuf
   882 | D:2      | Killed Crazy Yiuf
   882 | D:2      | Reached XP level 4. HP: 33/45 MP: 3/3
  1043 | D:2      | Reached skill level 4 in Unarmed Combat
  1183 | D:2      | You fall through a shaft for 2 floors!
  1186 | D:4      | Found the +4 Vampire's Tooth {vamp}
  1186 | D:4      | Noticed a phantom
  1202 | D:3      | Reached XP level 5. HP: 52/53 MP: 4/4
  1279 | D:3      | Noticed Gottschkopf's ghost (amateur DrTm)
  1316 | D:3      | Killed Gottschkopf's ghost
  1316 | D:3      | Reached XP level 6. HP: 54/62 MP: 5/5
  1913 | D:4      | Reached skill level 5 in Unarmed Combat
  1954 | D:4      | Noticed Menkaure
  1965 | D:4      | Killed Menkaure
  1965 | D:4      | Reached skill level 1 in Throwing
  1965 | D:4      | Reached XP level 7. HP: 11/71 MP: 6/6
  2280 | D:4      | Found a snail-covered altar of Cheibriados.
  2281 | D:4      | Found a bloodstained altar of Trog.
  2508 | D:5      | Entered Level 5 of the Dungeon
  2736 | D:5      | Reached XP level 8. HP: 70/79 MP: 7/7
  2877 | D:5      | Reached skill level 6 in Unarmed Combat
  2894 | D:5      | Reached skill level 5 in Fighting
  2996 | D:5      | Reached skill level 5 in Dodging
  3294 | D:5      | Got a scorched hunting sling
  3295 | D:5      | Identified the +4 hunting sling of Lazatyf {velocity, *Drain rElec rPois rC+} (You found it on level 5 of the Dungeon)
  3707 | D:6      | Found a sacrificial altar of Ru.
  4012 | D:6      | Noticed Edmund
  4023 | D:6      | Killed Edmund
  4023 | D:6      | Reached XP level 9. HP: 64/89 MP: 8/8
  4034 | D:6      | Reached skill level 7 in Unarmed Combat
  4418 | D:7      | Found a staircase to the Ecumenical Temple.
  4518 | Temple   | Entered the Ecumenical Temple
  4526 | Temple   | Became a worshipper of the Wu Jian Council
  4526 | Temple   | Reached * piety under Wu Jian
  4526 | Temple   | Reached ** piety under Wu Jian
  4707 | D:7      | Paralysed by a hornet for 3 turns
  4713 | D:7      | Paralysed by a hornet for 3 turns
  4978 | D:8      | Noticed a two-headed ogre
  4988 | D:7      | Killed a two-headed ogre
  4988 | D:7      | Reached skill level 5 in Throwing
  5196 | D:8      | Reached skill level 8 in Unarmed Combat
  5231 | D:8      | Found a blossoming altar of Fedhas.
  5484 | D:8      | Found a staircase to the Lair.
  5685 | D:8      | Reached XP level 10. HP: 92/100 MP: 9/9
  5852 | D:8      | Noticed a two-headed ogre
  5863 | D:8      | Killed a two-headed ogre
  6483 | D:9      | Reached *** piety under Wu Jian
  6829 | D:9      | Noticed a two-headed ogre
  6870 | D:9      | Slain by a two-headed ogre

Vault maps used:
D:1:      minmay_arrival_four_circles, minmay_pentomino_v2
D:2:      lemuel_round_altar, grunt_dithmenos_smoke_and_mirrors,
          uniq_crazy_yiuf_cottage
D:4:      gammafunk_temple_overflow_pools, first_bread,
          minmay_guarded_unrand_vampires_tooth, uniq_menkaure
D:6:      nicolae_ru_sacrificial_ziggurat, uniq_edmund
D:7:      minmay_temple_entry_poolview
D:8:      lair_entry_dummy, fedhas_bush_and_centaur_altar
D:9:      minmay_goldmine, hangedman_pestilent_swarm, statue_in_the_mist_lemuel
Temple:   eino_narrow_crystal_temple

Skill      XL: |  1  2  3  4  5  6  7  8  9 10 |
---------------+-------------------------------+-----
Dodging        | 3 4 5 6 7 |  7.2
Fighting       | 3 4 5 6 7 |  7.5
Unarmed Combat | 4 5 6 8 |  8.8
Throwing       | 1 2 4 5 6 |  6.5
Stealth        | |  1.0

Action                   |  1- 3 |  4- 6 |  7- 9 | 10-12 || total
-------------------------+-------+-------+-------+-------++-------
Melee: Unarmed           |    49 |   152 |   306 |   144 ||   651
       Punch             |     1 |     1 |     8 |     5 ||    15
Evoke: Wand              |       |       |     3 |       ||     3
  Use: Potion            |       |     1 |       |     2 ||     3
       Scroll            |       |       |    15 |       ||    15
 Stab: Sleeping          |     1 |     5 |     5 |       ||    11
       Invisible         |       |       |       |     3 ||     3
  Eat: Chunk             |    12 |    11 |    33 |    12 ||    68
Armor: Robe              |    18 |    34 |   107 |    27 ||   186
Dodge: Dodged            |    26 |    81 |   220 |   139 ||   466

Table legend:
 A = Spawn XP
 B = Non-spawn XP
 C = Spawn XP percentage of total XP
 D = Spawn monster count
 E = Non-spawn monster count
 F = Spawn count percentage of total count
 G = Total turns spent on level
                    A         B        C        D         E        F      G
               +---------+---------+-------+---------+---------+-------+---------
         Total |       0 |    8482 |   0.0 |       0 |     196 |   0.0 |  6870
               +---------+---------+-------+---------+---------+-------+---------
           D:1 |       0 |      39 |   0.0 |       0 |      16 |   0.0 |   466
           D:2 |       0 |     135 |   0.0 |       0 |      18 |   0.0 |   717
           D:3 |       0 |     395 |   0.0 |       0 |      28 |   0.0 |   782
           D:4 |       0 |     680 |   0.0 |       0 |      26 |   0.0 |   543
           D:5 |       0 |     535 |   0.0 |       0 |      15 |   0.0 |   814
           D:6 |       0 |    1194 |   0.0 |       0 |      23 |   0.0 |   784
           D:7 |       0 |    1859 |   0.0 |       0 |      20 |   0.0 |  1131
           D:8 |       0 |    2072 |   0.0 |       0 |      23 |   0.0 |   915
           D:9 |       0 |    1573 |   0.0 |       0 |      27 |   0.0 |   701
               +---------+---------+-------+---------+---------+-------+---------
